 Dungeon Crawl Stone Soup version 0.25-a0-583-g696c2ac64d (webtiles) character file.

Game seed: 2783601565626738315, levelgen mode: deterministic

21 KiliKikkendorf the Charmwright (level 3, 0/24 HPs)
             Began as a Halfling Skald on Mar 8, 2020.
             Succumbed to an adder's poison
             ... on level 1 of the Dungeon.
             The game lasted 00:05:01 (1049 turns).

KiliKikkendorf the Charmwright (Halfling Skald)     Turns: 1049, Time: 00:05:02

Health: 0/24       AC:  3    Str: 13    XL:     3   Next: 2%
Magic:  6/6        EV: 14    Int: 11    God:
Gold:   41         SH:  0    Dex: 13    Spells: 5/6 levels left

rFire    . . .     SeeInvis .   a - +0 short sword
rCold    . . .     Gourm    .   (shield restricted)
rNeg     . . .     Faith    .   b - +0 leather armour
rPois    .         Spirit   .   (no helmet)
rElec    .         Reflect  .   (no cloak)
rCorr    .         Harm     .   (no gloves)
MR       .....                  (no boots)
Stlth    +.........             (no amulet)
HPRegen  0.08/turn              c - ring of wizardry
MPRegen  0.10/turn              (no ring)

@: lethally poisoned (0 -> -7)
A: small, mutation resistance 1
a: no special abilities


You were on level 1 of the Dungeon.
You were hungry.

You visited 1 branch of the dungeon, and saw 2 of its levels.

You collected 41 gold pieces.

Inventory:

Hand Weapons
 a - a +0 short sword (weapon)
Armour
 b - a +0 leather armour (worn)
Jewellery
 c - a ring of wizardry (left hand)
Comestibles
 d - a ration


   Skills:
 + Level 1.9 Fighting
 + Level 2.8 Short Blades
 + Level 1.1 Armour
 + Level 2.2 Dodging
 * Level 2.0 Spellcasting
 * Level 3.5 Charms


You had 5 spell levels left.
You knew the following spells:

 Your Spells              Type           Power        Failure   Level  Hunger
a - Infusion              Chrm           #...         3%          1    ##.....

Your spell library contained the following spells:

 Spells                   Type           Power        Failure   Level  Hunger
 Song of Slaying          Chrm           #.......     5%          2    ###....
 Shroud of Golubria       Chrm/Tloc      #.....       11%         2    ###....
 Ozocubu's Armour         Chrm/Ice       #.......     21%         3    ####...
 Spectral Weapon          Hex/Chrm       #.......     21%         3    ####...


Dungeon Overview and Level Annotations

Branches:
Dungeon (2/15)

Altars:


Innate Abilities, Weirdness & Mutations

You are small and have problems with some larger weapons.
You are somewhat resistant to further mutation.


Message History

The adder is heavily wounded.
You feel sick. The adder barely misses you.
You miss the adder.
The adder is heavily wounded.
The adder bites you.
* * * LOW HITPOINT WARNING * * *
You are lethally poisoned!
The adder poisons you! The adder bites you.
* * * LOW HITPOINT WARNING * * *
Unknown command.
Magic restored.
* * * LOW HITPOINT WARNING * * *
You feel sick. The adder bites you but does no damage.
You climb upwards.
Your magical contamination has completely faded away.
There is a stone staircase leading down here.
Unknown command.
You barely miss the adder.
The adder is heavily wounded.
You die...

.############.#.#.#######.#######
.# #... #.#.#.........## .#
#.#.###'#.########...## .#
#.#..............'....# .#
#.#........#######....##### .#
#.##.......##....#......... .#
####........####.#........#...
.###.....#####)#.............'...
...'......#.....@S...........#...
####......#.##.####....#.#...#...
#......#............#.#...#...
#......#..#........##.##..#...
######.#..#..#.##...#.##..#...
#.#............#.##..#...
#.#..#..#.#....#.##..#...
#.#.###...#..............
#.#.#.....#....#.#.#.####


You could see an adder.

Vanquished Creatures
  A dart slug (D:1)
  2 bats (D:1)
  2 giant cockroaches (D:1)
  A goblin (D:1)
  4 hobgoblins (D:1)
  2 frilled lizards
  3 kobolds (D:1)
  3 rats
18 creatures vanquished.

Notes
Turn   | Place    | Note
-------+----------+-------------------------------------------
     0 | D:1      | KiliKikkendorf the Halfling Skald began the quest for the
                  | Orb.
     0 | D:1      | Reached XP level 1. HP: 14/14 MP: 3/3
   107 | D:1      | Reached XP level 2. HP: 19/19 MP: 1/4
  1031 | D:2      | Reached XP level 3. HP: 19/24 MP: 4/6
  1047 | D:2      | HP: 1/24 [poisoned by an adder]
  1049 | D:1      | Succumbed to an adder's poison

Levels and vault maps discovered:
D:1:      psy_arrival_terrarium, layout_basic, kennysheep_flooded_box
D:2:      layout_loops_ring, minmay_between

Skill      XL: |  1  2 |
---------------+-------+-----
Spellcasting   | 2 |  2.0
Fighting       | |  1.9
Short Blades   | |  2.8
Armour         | |  1.1
Dodging        | |  2.2
Charms         | |  3.5

Action                   || total
-------------------------++-------
Melee: Short sword       ||    73
 Cast: Infusion          ||     7
  Use: Potion            ||     1
Armor: Leather armour    ||    10
Dodge: Dodged            ||    44

Table legend:
 A = Non-vault XP
 B = Vault XP
 C = Vault XP percentage of total XP
 D = Non-vault monster count
 E = Vault monster count
 F = Vault count percentage of total count
                 A         B        C        D         E       F
            +---------+---------+-------+---------+---------+-------
      Total |      29 |       1 |   3.3 |      17 |       1 |   5.6
            +---------+---------+-------+---------+---------+-------
        D:1 |      28 |       0 |   0.0 |      16 |       0 |   0.0
        D:2 |       1 |       1 |  50.0 |       1 |       1 |  50.0
            +---------+---------+-------+---------+---------+-------
